 Dungeon Crawl Stone Soup version 0.27.0-1-g7a089689b8 (webtiles) character file.

Game seed: 2621780735206863792

325 inmateoo the Bolt Thrower (level 6, -3/47 HPs)
             Began as a Formicid Hunter on Aug 10, 2021.
             Slain by an ogre (12 damage)
             ... on level 6 of the Dungeon.
             The game lasted 00:03:33 (1883 turns).

inmateoo the Bolt Thrower (Formicid Hunter)         Turns: 1883, Time: 00:03:34

Health: -3/47      AC: 11    Str: 16    XL:     6   Next: 78%
Magic:  6/6        EV:  3    Int: 11    God:
Gold:   108        SH:  8    Dex: 13    Spells: 5/5 levels left

rFire    . . .     SeeInvis +   g - +2 hand axe (elec)
rCold    . . .     Faith    .   j - +0 kite shield
rNeg     . . .     Spirit   .   e - +0 plate armour
rPois    .         Reflect  .   (helmet unavailable)
rElec    .         Harm     .   (no cloak)
rCorr    .         Rampage  .   (no gloves)
Will     +....                  (no boots)
Stlth    ..........             (no amulet)
HPRegen  0.15/turn              i - ring of willpower
MPRegen  0.10/turn              (no ring)

@: lethally poisoned (-3 -> -12)
A: permanent stasis, dig shafts and tunnels, antennae 3, four strong arms
a: Dig, Shaft Self


You were on level 6 of the Dungeon.
You visited 1 branch of the dungeon, and saw 4 of its levels.

You collected 108 gold pieces.

Inventory:

Hand Weapons
 a - a +1 hand crossbow
 g - a +2 hand axe of electrocution (weapon)
Missiles
 d - 14 bolts
Armour
 e - a +0 plate armour (worn)
 j - a +0 kite shield (worn)
Jewellery
 i - a ring of willpower (left hand)


   Skills:
 + Level 3.6 Fighting
 * Level 2.5 Axes
 + Level 4.7 Crossbows
 * Level 2.2 Armour
 + Level 2.9 Dodging
 - Level 1.2 Stealth
 * Level 2.6 Shields


You had 5 spell levels left.
You didn't know any spells.
Your spell library was empty.

Dungeon Overview and Level Annotations

Branches:
Dungeon (3/15)

Altars:

Shops:
D:3 =


Innate Abilities, Weirdness & Mutations

You cannot be hasted, slowed, berserked, paralysed or teleported.
You can dig through walls and to a lower floor.
You have a pair of large antennae on your head. (SInv)
Your four strong arms can wield two-handed weapons with a shield.


Message History

The water moccasin hisses angrily.
The water moccasin bites you but does no damage.
The water moccasin bites you.
You are poisoned.
The water moccasin poisons you!
You aren't carrying any potions.
Unknown command.
You aren't carrying any potions.
Unknown command.
As you read the scroll of enchant weapon, it crumbles to dust.
Your +1 hand axe of electrocution glows red for a moment.
You feel very sick. The water moccasin bites you.
You hit the water moccasin but do no damage.
You feel very sick. You block the water moccasin's attack.
The water moccasin bites you but does no damage.
You miss the water moccasin.
You feel very sick. You block the water moccasin's attack.
The water moccasin bites you.
You are lethally poisoned!
The water moccasin poisons you!
You hit the water moccasin.
Lightning courses through the water moccasin!
The water moccasin is heavily wounded.
You feel extremely sick.
The water moccasin bites you but does no damage.
You block the water moccasin's attack.
You hit the water moccasin.
Lightning courses through the water moccasin!!
You kill the water moccasin!
* * * LOW HITPOINT WARNING * * *
You feel very sick.
Your Armour skill increases to level 2!
You slash the ogre!
The ogre is moderately wounded.
* * * LOW HITPOINT WARNING * * *
You feel very sick. The ogre hits you with a +0 giant club!
You die...

.. #......... { #.
#........# # ##.###...(.#.#
#.###..........#.#
#..............#.#.#########
#..............#.#.........#
#.....".....O..#.#######.###
..........####O#.#...# #.#
..........# #@...#.#.###.#
..........# #....#.....#.# {
.......>#.# #....#...?...#
..####..#.###....#####.### .
#..#.#............#
#..#........#######
#.....##.. #.#...##..8
#.#... #...


You could see an ogre.

Vanquished Creatures
  A water moccasin (D:6)
  A sky beast (D:2)
  A centaur zombie (D:6)
  3 gnolls (D:2)
  An adder (D:2)
  A worm (D:3)
  6 endoplasms
  3 giant cockroaches
  5 goblins
  5 hobgoblins
  9 jackals (D:1)
  5 ball pythons
  3 bats (D:1)
  4 frilled lizards
  5 kobolds
  3 rats (D:2)
56 creatures vanquished.

Notes
Turn   | Place    | Note
-------+----------+-------------------------------------------
     0 | D:1      | inmateoo the Formicid Hunter began the quest for the Orb.
     0 | D:1      | Reached XP level 1. HP: 16/16 MP: 1/1
   121 | D:1      | Reached XP level 2. HP: 23/23 MP: 2/2
   412 | D:1      | Reached XP level 3. HP: 23/28 MP: 3/3
   816 | D:2      | Found a faded altar of an unknown god.
   877 | D:2      | Reached XP level 4. HP: 33/35 MP: 4/4
   888 | D:2      | Reached skill level 1 in Axes
  1462 | D:3      | Noticed a sky beast
  1501 | D:2      | Killed a sky beast
  1502 | D:2      | Reached skill level 1 in Armour
  1502 | D:2      | Reached skill level 1 in Shields
  1502 | D:2      | Reached XP level 5. HP: 37/41 MP: 5/5
  1652 | D:3      | Found Sashrit's Jewellery Shop.
  1661 | D:3      | Reached XP level 6. HP: 47/47 MP: 6/6
  1687 | D:3      | You fall into a shaft and drop 3 floors!
  1867 | D:6      | Noticed an ogre
  1867 | D:6      | Noticed a water moccasin
  1882 | D:6      | Killed a water moccasin
  1883 | D:6      | Slain by an ogre

Illustrated notes

Levels and vault maps discovered:
D:1:      dpeg_arrival_line_fractal, layout_loops_ring
D:2:      layout_basic, ebering_ecumenical_altar_sacrificial,
          kennysheep_generic_room_16
D:3:      layout_loops_ring, serial_rivers, chequers_serial_rivers_room_b,
          chequers_serial_rivers_large_a, chequers_serial_rivers_marsh,
          chequers_serial_rivers_small_a, serial_shops, nicolae_diamond_shop,
          uniq_sigmund
D:6:      layout_basic, slow_altar_2, gammafunk_temple_overflow_pools

Skill      XL: |  1  2  3  4  5  6 |
---------------+-------------------+-----
Dodging        | 2 |  2.9
Fighting       | 3 |  3.6
Axes           | 1 2 |  2.5
Armour         | 1 2 |  2.2
Shields        | 1 2 |  2.6
Crossbows      | |  4.7
Stealth        | |  1.2

Action                   |  1- 3 |  4- 6 || total
-------------------------+-------+-------++-------
Melee: Hand axe          |    57 |    43 ||   100
 Fire: Hand crossbow     |    34 |     5 ||    39
 Abil: Dig               |       |     1 ||     1
  Use: Potion            |       |     2 ||     2
       Scroll            |       |     5 ||     5
Armor: Plate armour      |    77 |    43 ||   120
Dodge: Dodged            |    16 |    12 ||    28
Block: Kite shield       |       |    17 ||    17
